 Dungeon Sprint DCSS version 0.30-a0-840-ga523dec638 (webtiles) character file.

Game seed: 18222618923728887649

20698 NinjaNoafa the Warrior (level 12, -8/118 HPs)
             Began as a Hill Orc Monk on Mar 2, 2023.
             Was a High Priest of Hepliaklqana.
             Mangled by a skeletal warrior
             ... wielding a +3 scimitar
              (19 damage)
             ... in the Dungeon (Sprint VII: "The Pits").
             The game lasted 00:16:07 (3383 turns).

NinjaNoafa the Warrior (Hill Orc Monk)              Turns: 3383, Time: 00:16:09

Health: -8/118     AC: 22    Str: 22    XL:     12   Next: 82%
Magic:  8/8        EV: 13    Int: 10    God:    Hepliaklqana [*****.]
Gold:   36         SH:  0    Dex: 16    Spells: 11/11 levels left

rFire   + . .      SeeInvis .    p - +8 halberd (antimagic)
rCold   + . .      Faith    +    (shield currently unavailable)
rNeg    . . .      Spirit   .    r - +4 chain mail
rPois   +          Reflect  .    (no helmet)
rElec   +          Harm     .    (no cloak)
rCorr   +          Rampage  .    q - +2 pair of gloves
Will    .....      NoTele   +    (no boots) Stlth
                                 y - amulet of faith
HPRegen 0.39/turn                b - +3 ring of strength
MPRegen 0.11/turn                o - +3 ring of dexterity

@: mighty, resistant, on berserk cooldown, hasted and slowed
A: reduced essence
a: Renounce Religion, Recall Ancestor, Ancestor Identity, Transference, Idealise


You were in the Dungeon.
You worshipped Hepliaklqana.
Hepliaklqana was extremely pleased with you.
You visited 1 branch You collected 36 gold pieces.

Inventory:

Hand Weapons
 p - a +8 antimagic halberd (weapon)
Missiles
 c - 5 boomerangs (quivered)
Armour
 q - a +2 pair of gloves (worn)
 r - a +4 chain mail (worn)
Jewellery
 b - a +3 ring of strength (left hand)
 o - a +3 ring of dexterity (right hand)
 v - a ring of positive energy
 x - a ring of willpower
 y - an amulet of faith (around neck)
Wands
 e - a wand of digging (5)
 B - a wand of iceblast (2)
Scrolls
 i - 3 scrolls of fog
 k - 5 scrolls of amnesia
 m - 3 scrolls of vulnerability
 u - 2 scrolls of fear
Potions
 a - a potion of invisibility
 d - 5 potions of curing
 g - 2 potions of magic
 h - a potion of berserk rage
 j - 2 potions of brilliance
 n - a potion of resistance
 s - 2 potions of might
 t - a potion of haste
Miscellaneous
 w - a phantom mirror


   Skills:
 + Level 19.7 Fighting
 - Level 16.0 Polearms
 + Level 17.6 Armour
 - Level 10.0 Dodging
 - Level 1.5 Stealth
 + Level 19.3 Invocations


You had 11 spell levels left.
You didn't know any spells.
Your spell library was empty.

Dungeon Overview and Level Annotations

Branches:
Dungeon (1/1)

Altars:
Ashenzari
Cheibriados
Dithmenos
Elyvilon
Fedhas
Gozag
Hepliaklqana
Kikubaaqudgha
Makhleb
Nemelex Xobeh
Okawaru
Qazlal
Ru
Sif Muna
Trog
Uskayaw
Vehumet
Wu Jian
Xom
Yredelemnul
Zin
The Shining One
Beogh
Jiyva
Lugonu


Message History

Aim: a skeletal warrior, wielding a +0 glaive (purple smoke, about 24% to evade your +8 antimagic halberd)
You reach to attack!
You closely miss the skeletal warrior.
The ophan falters for a moment.
The skeletal warrior hits you but does no damage.
You hear some strange, mumbled words.
The skeletal warrior closely misses you.
You hear a shout!
You see here a +0 battleaxe.
You slash the skeletal warrior!
The skeletal warrior is moderately damaged.
You feel yourself slow down.
The skeletal warrior hits you but does no damage.
A sphinx comes into view.
Okay, then.
You hit the skeletal warrior.
The skeletal warrior is moderately damaged.
The skeletal warrior hits you but does no damage.
You feel yourself speed up.
You slash the skeletal warrior!
The skeletal warrior is heavily damaged.
The skeletal warrior hits you with a +0 glaive!
* * * LOW HITPOINT WARNING * * *
The skeletal warrior barely misses you.
The ophan calls forth blessed flames!
You impale the ophan!!
You kill the ophan!
The skeletal warrior barely misses you. The skeletal warrior misses you.
You barely miss the skeletal warrior.
The skeletal warrior is heavily damaged.
The skeletal warrior attacks as you move away!
The skeletal warrior closely misses you.
The skeletal warrior hits you but does no damage.
You feel better.
The skeletal warrior hits you but does no damage.
The skeletal warrior hits you from afar with a +0 glaive!
* * * LOW HITPOINT WARNING * * *
You hit the skeletal warrior.
The skeletal warrior is lightly damaged.
The skeletal warrior hits you with a +3 scimitar!!
You die...

###''####''#
###''####++############
#......##........R.....
#.#+##3##÷.÷.....Y.....
#.#§.§§##..############
#.'W§#§##..# #H{Wz##..#
########## #z##..#
.....##..# z#@##..#
.....##..##....§§##..#
.....''..##########..#
.....')..##########†.#
...).##............).#
.....##............†.#
######################
#####
##########################
....#
#.........##.....'...'..(#


You could see 2 skeletal warriors and a freezing wraith (summoned).

Vanquished Creatures
  A hellephant (D)
  A sphinx (D)
  An ophan (D)
  Erolcha (D)
  An alligator snapping turtle (D)
  A two-headed ogre (D)
  An orc high priest (D)
  2 skeletal warriors (D)
  A flayed ghost (D)
  A deep troll (D)
  A phantasmal warrior (D)
  A cyclops (D)
  A gargoyle (D)
  2 smoke demons (D)
  Psyche (D)
  A rime drake (D)
  A polar bear (D)
  A merfolk (D)
  A hellwing (D)
  A tyrant leech (D)
  A troll (D)
  A hornet (D)
  Grinder (D)
  8 dream sheep (D)
  2 blink frogs (D)
  A snapping turtle (D)
  2 water elementals (D)
  An air elemental (D)
  4 yaks (D)
  A warg (D)
  A floating eye (D)
  2 orc warriors (D)
  A swamp drake (D)
  3 wights (D)
  A quasit (D)
  A knight (D)
  2 orc wizards (D)
  An adder (D)
  4 gnolls (D)
  A worm (D)
  3 orcs (D)
  A ball python (D)
  2 giant cockroaches (D)
  A goblin (D)
  A hobgoblin (D)
  A quokka (D)
  A ball python skeleton (D)
71 creatures vanquished.

Vanquished Creatures (collateral kills)
  A merfolk impaler (D)
  A deep troll (D)
  A sea snake (D)
  A swamp dragon (D)
  An orange demon (D)
  A kobold demonologist (D)
  2 merfolk (D)
  A tyrant leech (D)
  A tarantella (D)
  3 blink frogs (D)
  A snapping turtle (D)
  4 dream sheep (D)
  A spriggan (D)
  A wraith (D)
  A warg (D)
  A floating eye (D)
  A wolf (D)
  A scorpion (D)
  A wight (D)
  A gnoll bouda (D)
  2 gnolls (D)
  An ufetubus (D)
  An adder skeleton (D)
  4 orcs (D)
  A ball python (D)
  2 kobolds (D)
  A ball python skeleton (D)
  A bat (D)
  A giant cockroach zombie (D)
40 creatures vanquished.

Vanquished Creatures (others)
  4 knights (D)
  An orc (D)
5 creatures vanquished.

Grand Total: 116 creatures vanquished

Notes
Turn   | Place    | Note
-------+----------+-------------------------------------------
     0 | D        | NinjaNoafa the Hill Orc Monk began the quest for the Orb.
     0 | D        | Reached XP level 1. HP: 19/19 MP: 1/1
    42 | D        | Found a bloodstained altar of Trog.
    42 | D        | Found a shimmering blue altar of Sif Muna.
    42 | D        | Found a viscous altar of Jiyva.
    42 | D        | Found a hazy altar of Hepliaklqana.
    42 | D        | Found an opulent altar of Gozag.
    43 | D        | Found a glowing golden altar of the Shining One.
    43 | D        | Found a glowing silver altar of Zin.
    43 | D        | Found a basalt altar of Yredelemnul.
    43 | D        | Found a shimmering altar of Xom.
    43 | D        | Found an ornate altar of the Wu Jian Council.
    43 | D        | Found a sacrificial altar of Ru.
    43 | D        | Found a stormy altar of Qazlal.
    43 | D        | Found an iron altar of Okawaru.
    43 | D        | Found a sparkling altar of Nemelex Xobeh.
    43 | D        | Found a burning altar of Makhleb.
    43 | D        | Found a blossoming altar of Fedhas.
    43 | D        | Found a white marble altar of Elyvilon.
    43 | D        | Found a shadowy altar of Dithmenos.
    43 | D        | Found a snail-covered altar of Cheibriados.
    45 | D        | Found a corrupted altar of Lugonu.
    45 | D        | Found a radiant altar of Vehumet.
    45 | D        | Found a roughly hewn altar of Beogh.
    46 | D        | Found a broken altar of Ashenzari.
    46 | D        | Found an ancient bone altar of Kikubaaqudgha.
    46 | D        | Found a hide-covered altar of Uskayaw.
    47 | D        | Became a worshipper of Hepliaklqana the Forgotten
    47 | D        | Reached * piety under Hepliaklqana
    47 | D        | Reached ** piety under Hepliaklqana
    56 | D        | Remembered your ancestor Tiberius as a knight
    60 | D        | Reached XP level 2. HP: 21/25 MP: 2/2
    78 | D        | Reached skill level 5 in Fighting
    86 | D        | Reached skill level 5 in Polearms
   156 | D        | Noticed a warg
   156 | D        | Noticed a floating eye
   158 | D        | Paralysed by a floating eye for 4 turns
   165 | D        | Paralysed by a floating eye for 3 turns
   169 | D        | Reached skill level 1 in Armour
   169 | D        | Reached skill level 1 in Invocations
   169 | D        | Reached XP level 3. HP: 30/33 MP: 2/4
   170 | D        | Killed a warg
   170 | D        | Paralysed by a floating eye for 3 turns
   171 | D        | Reached skill level 5 in Invocations
   171 | D        | Reached XP level 4. HP: 39/42 MP: 2/7
   171 | D        | Reached XP level 5. HP: 43/46 MP: 2/8
   175 | D        | Paralysed by a floating eye for 3 turns
   182 | D        | Paralysed by a floating eye for 3 turns
   184 | D        | Reached skill level 5 in Armour
   189 | D        | Paralysed by a floating eye for 2 turns
   192 | D        | Reached XP level 6. HP: 55/55 MP: 5/11
   192 | D        | Killed a floating eye
   249 | D        | Reached *** piety under Hepliaklqana
   249 | D        | Noticed a floating eye
   251 | D        | Killed a floating eye
   252 | D        | Reached skill level 10 in Fighting
   252 | D        | Reached XP level 7. HP: 64/64 MP: 13/13
   256 | D        | Noticed a kobold demonologist
   258 | D        | Noticed a sun demon
   261 | D        | Killed a kobold demonologist
   262 | D        | Reached skill level 10 in Polearms
   262 | D        | Reached skill level 10 in Invocations
   276 | D        | Reached XP level 8. HP: 73/73 MP: 15/15
   287 | D        | Noticed an orange demon
   287 | D        | Noticed a snapping turtle
   339 | D        | Killed an orange demon
   356 | D        | Killed a snapping turtle
   724 | D        | Reached **** piety under Hepliaklqana
   724 | D        | Noticed a cyclops
   730 | D        | Killed a cyclops
   731 | D        | Reached skill level 10 in Armour
   731 | D        | Reached XP level 9. HP: 82/82 MP: 6/18
   755 | D        | Noticed a deep troll
   783 | D        | Killed a deep troll
  1009 | D        | Noticed a hornet
  1009 | D        | Noticed a tyrant leech
  1010 | D        | Noticed a polar bear
  1032 | D        | Killed a hornet
  1033 | D        | Reached skill level 15 in Polearms
  1033 | D        | Reached XP level 10. HP: 55/92 MP: 6/19
  1195 | D        | Noticed a smoke demon
  1203 | D        | Killed a smoke demon
  1204 | D        | Noticed a two-headed ogre
  1207 | D        | Noticed a phantasmal warrior
  1214 | D        | Killed a two-headed ogre
  1220 | D        | Killed a phantasmal warrior
  1358 | D        | Reached skill level 15 in Fighting
  1558 | D        | Noticed a smoke demon
  1562 | D        | Noticed a swamp dragon
  1563 | D        | Killed a smoke demon
  1564 | D        | Reached skill level 5 in Dodging
  1574 | D        | Killed a swamp dragon
  1657 | D        | Reached ***** piety under Hepliaklqana
  1802 | D        | Reached XP level 11. HP: 74/101 MP: 7/21
  1893 | D        | Noticed a sea snake
  1914 | D        | Killed a sea snake
  1982 | D        | Noticed Grinder
  1982 | D        | Paralysed by Grinder for 4 turns
  1987 | D        | Noticed an orc high priest
  1989 | D        | Noticed Psyche
  1990 | D        | Killed Grinder
  1993 | D        | Noticed a merfolk impaler
  1999 | D        | Reached skill level 15 in Invocations
  2246 | D        | Killed a merfolk impaler
  2388 | D        | Killed an orc high priest
  2389 | D        | Reached skill level 15 in Armour
  2525 | D        | Killed Psyche
  2701 | D        | Noticed Erolcha
  2721 | D        | Killed Erolcha
  2753 | D        | Reached XP level 12. HP: 114/114 MP: 8/24
  2996 | D        | Noticed an alligator snapping turtle
  3022 | D        | Killed an alligator snapping turtle
  3253 | D        | Noticed a hellephant
  3253 | D        | Noticed a vampire mage
  3253 | D        | Noticed an ogre mage
  3253 | D        | Noticed a sphinx
  3295 | D        | Reached ****** piety under Hepliaklqana
  3332 | D        | Killed a sphinx
  3346 | D        | Noticed an ophan
  3359 | D        | Reached skill level 10 in Dodging
  3365 | D        | Killed a hellephant
  3376 | D        | Noticed a sphinx
  3379 | D        | Killed an ophan
  3383 | D        | Mangled by a skeletal warrior

Illustrated notes

Levels and vault maps discovered:
D:        pitsprint [storerooms_1, entrance_room_1, metal_vault_2, armoury_2,
          mini_pit_1, grid_room_1, main_hall_1, silver_pit, the_coven_2,
          the_vestibule_1, steel_vault_4, golden_pit, hallway_of_sentries,
          crystal_vault_2, iron_vault_4, final_vault]

Skill      XL: |  1  2  3  4  5  6  7  8  9 10 11 12 |
---------------+-------------------------------------+-----
Fighting       | 4 6 7 8 10 11 12 14 15 17 19 | 19.7
Polearms       | 4 5 6 7 9 10 11 15 16 | 16.0
Armour         | 1 4 5 7 8 10 12 13 15 17 | 17.6
Invocations    | 1 5 6 8 10 12 14 16 19 | 19.3
Dodging        | 5 8 10 | 10.0
Stealth        | |  1.5

Action                     |  1- 3 |  4- 6 |  7- 9 | 10-12 || total
---------------------------+-------+-------+-------+-------++-------
  Melee: Spear             |     2 |       |       |       ||     2
         Trident           |    10 |    17 |    32 |       ||    59
         Punch             |     1 |       |       |       ||     1
         Halberd           |       |       |    38 |   274 ||   312
  Throw: Boomerang         |       |       |       |     2 ||     2
 Invoke: Ancestor Life: Kn |     1 |       |       |       ||     1
         Idealise          |       |       |     1 |     7 ||     8
         Transference      |       |       |       |     2 ||     2
         Recall Ancestor   |       |       |       |     4 ||     4
  Evoke: Phantom mirror    |       |       |       |     1 ||     1
    Use: Potion            |       |       |     5 |    27 ||    32
         Scroll            |       |       |     1 |    13 ||    14
   Stab: Sleeping          |     2 |       |       |       ||     2
         Distracted        |     1 |       |       |     2 ||     3
 Armour: Robe              |     1 |       |       |       ||     1
         Chain mail        |     2 |     2 |    46 |    72 ||   122
  Dodge: Dodged            |     4 |       |    37 |    94 ||   135

Table legend: (Time is in decaauts)
 A = Elapsed time spent in this place.
 B = Non-inter-level travel time spent in this place.
 C = Inter-level travel time spent in this place.
 D = Time resting spent in this place.
 E = Time spent auto-exploring this place.
 F = Levels seen in this place.
 G = Mean time per level.
                   A        B        C        D        E       F      G
               +--------+--------+--------+--------+--------+-----+--------+
         Total |   3312 |   3087 |    225 |   1692 |    232 |   1 | 3312.0 |
       Dungeon |   3312 |   3087 |    225 |   1692 |    232 |   1 | 3312.0 |
               +--------+--------+--------+--------+--------+-----+--------+

Top non-repeatable levels by time:
       D: 3312 daAuts
